 Dungeon Crawl Stone Soup version 0.23.2-1-ga50397a6bc (webtiles) character file.

Game seed: 17185295967235151989

2857 Amplified the Charmwright (level 9, -13/79 HPs)
             Began as a Pale Draconian Skald on May 5, 2019.
             Was an Initiate of Makhleb.
             Mangled by a gargoyle
             ... wielding a +0 mace
              (22 damage)
             ... on level 7 of the Dungeon.
             The game lasted 00:10:51 (5622 turns).

Amplified the Charmwright (Pale Draconian Skald)    Turns: 5622, Time: 00:10:52

Health: -13/79     AC: 11    Str: 14    XL:     9   Next: 47%
Magic:  0/11       EV: 14    Int: 12    God:    Makhleb [......]
Gold:   393        SH:  0    Dex: 14    Spells: 3/12 levels left

rFire    . . .     SeeInvis .   a - +2 falchion
rCold    . . .     Gourm    .   (no shield)
rNeg     + . .     Faith    .   (armour unavailable)
rPois    .         Spirit   +   (helmet restricted)
rElec    +         Reflect  .   v - +0 cloak (curse)
rCorr    .         Harm     .   (no gloves)
MR       ++...                  w - +2 pair of boots
Stlth    +.........             e - amulet of guardian spirit
HPRegen  0.63/turn              f - ring of protection from magic
MPRegen  0.12/turn              y - ring of Domaoni {+Fly rElec rN+ MR+ Int-3}

@: infused (expiring)
A: breathe steam, unfitting armour, clever 1, low mp 1, regeneration 1,
cold-blooded, subdued magic 1, AC +7
a: Breathe Steam, Renounce Religion, Evoke Flight


You were on level 7 of the Dungeon.
You worshipped Makhleb.
Makhleb was noncommittal.
You were full.

You visited 2 branches of the dungeon, and saw 8 of its levels.
You also visited: Sewer.

You collected 393 gold pieces.

Inventory:

Hand Weapons
 a - a +2 falchion (weapon)
 l - a +0 falchion of distortion
Missiles
 d - 6 curare-tipped needles
 n - 5 javelins of penetration (quivered)
Armour
 v - a cursed +0 cloak (worn)
 w - a +2 pair of boots (worn)
Jewellery
 e - an amulet of guardian spirit (around neck)
 f - a ring of protection from magic (left hand)
 x - an uncursed amulet of guardian spirit
 y - the ring of Domaoni (right hand) {+Fly rElec rN+ MR+ Int-3}
   (You found it on level 6 of the Dungeon)

   [ring of flight]

   It affects your intelligence (-3).
   It insulates you from electricity.
   It protects you from negative energy.
   It affects your resistance to hostile enchantments.
   It lets you fly.
Wands
 u - a wand of iceblast (3)
Scrolls
 g - 3 scrolls of remove curse
Potions
 b - a potion of resistance
 i - a potion of haste
 j - 2 potions of agility
 k - 2 potions of ambrosia
 m - 5 potions of flight
 p - a potion of degeneration
 q - a potion of curing
 s - 3 potions of cancellation
 z - 2 potions of brilliance
Comestibles
 c - 9 rations


   Skills:
 * Level 7.0 Fighting
 * Level 5.3 Long Blades
 * Level 4.2 Dodging
 - Level 2.4 Spellcasting
 - Level 5.6 Hexes
 - Level 7.0 Charms


You had 3 spell levels left.
You knew the following spells:

 Your Spells              Type           Power        Failure   Level  Hunger
a - Infusion              Chrm           ##..         1%          1    ##.....
b - Song of Slaying       Chrm           ##......     1%          2    ###....
c - Regeneration          Chrm/Necr      #.........   16%         3    ####...
d - Spectral Weapon       Hex/Chrm       ##......     4%          3    ####...

Your spell library contained the following spells:

 Spells                   Type           Power        Failure   Level  Hunger
 Confusing Touch          Hex            ##....       1%          1    ##.....
 Slow                     Hex            ##......     2%          2    ###....
 Shroud of Golubria       Chrm/Tloc      #.........   8%          2    ###....
 Animate Skeleton         Necr           N/A          22%         1    ##.....
 Apportation              Tloc           #.....       22%         1    ##.....
 Magic Dart               Conj           #...         22%         1    ##.....
 Summon Small Mammal      Summ           #...         22%         1    ##.....
 Blink                    Tloc           N/A          32%         2    ###....
 Call Imp                 Summ           #.......     32%         2    ###....
 Conjure Flame            Conj/Fire      #.......     56%         3    ####...
 Mephitic Cloud           Conj/Pois/Air  #.......     56%         3    ####...


Dungeon Overview and Level Annotations

Branches:
Dungeon (7/15)             Temple (1/1) D:6

Altars:
Ashenzari
Cheibriados
Dithmenos
Elyvilon
Fedhas
Gozag
Hepliaklqana
Kikubaaqudgha
Makhleb
Nemelex Xobeh
Okawaru
Qazlal
Ru
Sif Muna
Uskayaw
Vehumet
Wu Jian
Xom
Yredelemnul
The Shining One


Innate Abilities, Weirdness & Mutations

You can breathe blasts of scalding, opaque steam.
Your pale cyan-grey scales are hard. (AC +7)
You cannot fit into any form of body armour.
You are cold-blooded and may be slowed by cold attacks.
Your mind is acute. (Int +2)
Your magical capacity is low. (-10% MP)
Your natural rate of healing is unusually fast.
Your spells are a little easier to cast, but a little less powerful.


Message History

Unknown command.
You catch the helpless gargoyle completely off-guard!
You hit the gargoyle but do no damage.
The gargoyle is severely damaged.
Your spectral weapon hits the gargoyle.
The gargoyle hits your spectral weapon with a +0 mace.
Your spectral weapon shares its damage with you!
Unknown command.
You hit the gargoyle but do no damage.
The gargoyle is almost destroyed.
Your magical infusion is running out.
Your spectral weapon hits the gargoyle but does no damage.
The gargoyle hurls a stone arrow at you.
The stone arrow hits you!!
* * * LOW HITPOINT WARNING * * *
You hit the gargoyle but do no damage.
The gargoyle is almost destroyed.
Your spectral weapon hits the gargoyle but does no damage.
The gargoyle hits you with a +0 mace!!
You die...

#.# #.# ##'## #.# #.# ##...##
####.## #.# ##.....##
##.#...#########.## ##.......##
##......##.........####.........#
...........#######....+.........+
##...###.### ### ###.##.........#
##..##..# ##+.+##$#..##.......##
##.##.###+....@9###.###.....##
#.##.#8#.....(.#.#....#...##
#..............'##.##.##'##
#.#........8..).##.##.##.#
#.##...........+##.##.##.#
#.##.#8#.......# #.##.##.##
#.##.###'.....)###.##.#...##
#.##..#8##).'##.#..........#
..###.###(###8###.##.......###


You could see a gargoyle and a friendly spectral +2 falchion.

Vanquished Creatures
  3 gargoyles (D:7)
  Sigmund (D:5)
  An ice beast (D:6)
  A necrophage (D:7)
  4 centaurs
  A big kobold (Sewer)
  Blork the orc (D:6)
  5 bullfrogs
  A scorpion (D:4)
  A howler monkey (D:5)
  2 crimson imps (D:5)
  5 hounds
  A jelly (D:6)
  An orc wizard (D:5)
  2 worker ants
  An iguana (D:6)
  Terence (D:2)
  2 hound zombies
  A hound skeleton (D:6)
  A howler monkey skeleton (D:6)
  3 gnolls (D:6)
  2 river rats (Sewer)
  17 adders
  A shadow imp (D:7)
  4 oozes
  An adder zombie (D:6)
  6 worms
  5 dart slugs
  2 leopard geckos
  17 orcs
  2 ball pythons
  4 bats
  5 giant cockroaches
  11 hobgoblins
  13 jackals
  7 quokkas
  7 frilled lizards
  9 goblins
  6 kobolds
  14 rats
172 creatures vanquished.

Vanquished Creatures (others)
  3 spectral weapons
3 creatures vanquished.

Grand Total: 175 creatures vanquished

Notes
Turn   | Place    | Note
-------+----------+-------------------------------------------
     0 | D:1      | Amplified the Draconian Skald began the quest for the Orb.
     0 | D:1      | Reached XP level 1. HP: 17/17 MP: 3/3
   224 | D:1      | Reached XP level 2. HP: 19/25 MP: 5/5
   736 | D:2      | Reached XP level 3. HP: 30/30 MP: 6/6
  1008 | D:2      | Found a white marble altar of Elyvilon.
  1026 | D:2      | Reached XP level 4. HP: 31/37 MP: 2/7
  1076 | D:2      | Learned a level 2 spell: Song of Slaying
  1092 | D:2      | Learned a level 3 spell: Regeneration
  1205 | D:2      | Found a snail-covered altar of Cheibriados.
  1211 | D:2      | Noticed Terence
  1225 | D:2      | Killed Terence
  1335 | D:2      | Reached XP level 5. HP: 38/45 MP: 4/8
  2108 | D:3      | Gained mutation: Your spells are a little easier to cast,
                  | but a little less powerful. [potion of mutation]
  2108 | D:3      | Gained mutation: Your mind is acute. (Int +2) [potion of
                  | mutation]
  2108 | D:3      | Gained mutation: Your magical capacity is low. (-10% MP)
                  | [potion of mutation]
  2108 | D:3      | Gained mutation: Your natural rate of healing is unusually
                  | fast. [potion of mutation]
  2469 | D:3      | Reached XP level 6. HP: 38/51 MP: 8/8
  2508 | D:3      | Learned a level 3 spell: Spectral Weapon
  2688 | D:4      | Reached skill level 1 in Hexes
  3171 | D:4      | Found a glowing drain.
  3181 | Sewer    | Entered a sewer
  3304 | Sewer    | Your scales start taking on a pale cyan-grey colour.
  3304 | Sewer    | Reached XP level 7. HP: 54/58 MP: 0/9
  3328 | Sewer    | Found a white marble altar of Elyvilon.
  3444 | D:5      | Entered Level 5 of the Dungeon
  3591 | D:5      | Reached skill level 5 in Charms
  3612 | D:5      | Noticed Sigmund
  3618 | D:5      | Killed Sigmund
  3646 | D:5      | Reached XP level 8. HP: 48/67 MP: 7/10
  3936 | D:6      | Noticed Blork the orc
  3972 | D:7      | Reached skill level 5 in Fighting
  4139 | D:7      | Found an ornate altar of the Wu Jian Council.
  4262 | D:7      | Found a sparkling altar of Nemelex Xobeh.
  4572 | D:6      | Reached skill level 5 in Hexes
  4615 | D:6      | Found a staircase to the Ecumenical Temple.
  4636 | Temple   | Entered the Ecumenical Temple
  4772 | Temple   | Became a worshipper of Makhleb the Destroyer
  4888 | D:6      | Killed Blork the orc
  4926 | D:6      | Got a heavily runed lapis lazuli ring
  4934 | D:6      | Identified the ring of Domaoni {+Fly rElec rN+ MR+ Int-3}
                  | (You found it on level 6 of the Dungeon)
  4974 | D:6      | Reached XP level 9. HP: 69/74 MP: 11/11
  5394 | D:7      | Noticed a gargoyle
  5407 | D:7      | Killed a gargoyle
  5415 | D:7      | Noticed a gargoyle
  5428 | D:7      | Killed a gargoyle
  5428 | D:7      | Reached skill level 5 in Long Blades
  5521 | D:7      | Noticed a gargoyle
  5540 | D:7      | Killed a gargoyle
  5605 | D:7      | Noticed a gargoyle
  5622 | D:7      | Mangled by a gargoyle

Skill      XL: |  1  2  3  4  5  6  7  8  9 |
---------------+----------------------------+-----
Charms         | 3 4 5 7 |  7.0
Long Blades    | 3 4 5 |  5.3
Fighting       | 3 4 5 7 |  7.0
Dodging        | 3 4 |  4.2
Hexes          | 2 3 5 |  5.6
Spellcasting   | |  2.4

Action                   |  1- 3 |  4- 6 |  7- 9 || total
-------------------------+-------+-------+-------++-------
Melee: Falchion          |   108 |   278 |   252 ||   638
       Tailslap          |    11 |    37 |    52 ||   100
 Cast: Infusion          |     1 |    10 |     2 ||    13
       Regeneration      |       |     1 |     1 ||     2
       Song of Slaying   |       |     2 |     1 ||     3
       Spectral Weapon   |       |       |    12 ||    12
 Abil: Breathe Steam     |       |       |     4 ||     4
Evoke: Wand              |       |       |     9 ||     9
  Use: Scroll            |     5 |    13 |     9 ||    27
       Potion            |     2 |     6 |     6 ||    14
 Stab: Sleeping          |     1 |     1 |     1 ||     3
       Distracted        |       |       |     3 ||     3
       Invisible         |       |       |     1 ||     1
  Eat: Chunk             |       |     9 |     5 ||    14
       Ration            |       |       |     3 ||     3
Armor: Skin              |    28 |   103 |    74 ||   205
Dodge: Dodged            |    94 |   183 |   191 ||   468
       Rpst.: Falchion   |    34 |    69 |    71 ||   174
